 Dungeon Crawl Stone Soup version 0.27-b1-16-g6517624069 (webtiles) character file.

Game seed: 18407302902999881229

98 ZARRMARR the Chopper (level 4, -6/41 HPs)
             Began as a Hill Orc Abyssal Knight on July 27, 2021.
             Was a Believer of Lugonu.
             Mangled by Crazy Yiuf (14 damage)
             ... on level 2 of the Dungeon.
             The game lasted 00:12:28 (1957 turns).

ZARRMARR the Chopper (Hill Orc Abyssal Knight)      Turns: 1957, Time: 00:12:29

Health: -6/41      AC:  3    Str: 14    XL:     4   Next: 69%
Magic:  2/6        EV: 11    Int: 12    God:    Lugonu [**....]
Gold:   55         SH:  0    Dex: 11    Spells: 3/3 levels left

rFire    . . .     SeeInvis .   a - +1 hand axe
rCold    . . .     Faith    .   (no shield)
rNeg     . . .     Spirit   .   b - +0 leather armour
rPois    .         Reflect  .   (no helmet)
rElec    .         Harm     .   (no cloak)
rCorr    .         Rampage  .   (no gloves)
Will     .....                  (no boots)
Stlth    +.........             (no amulet)
HPRegen  0.13/turn              (no ring)
MPRegen  0.10/turn              (no ring)

@: no status effects
A: no striking features
a: Renounce Religion, Depart the Abyss, Bend Space


You were on level 2 of the Dungeon.
You worshipped Lugonu.
Lugonu was pleased with you.
You visited 1 branch of the dungeon, and saw 2 of its levels.
You visited the Abyss 1 time.

You collected 55 gold pieces.

Inventory:

Hand Weapons
 a - a +1 hand axe (weapon)
Missiles
 d - 45 stones
 e - 5 datura-tipped darts
 f - 5 boomerangs (quivered)
Armour
 b - a +0 leather armour (worn)
Scrolls
 h - a scroll of enchant armour {unknown}
 k - a scroll of identify {unknown}
Potions
 c - 3 potions of heal wounds {unknown}
 g - a potion of ambrosia {unknown}
 i - a potion of curing {unknown}
 j - a potion of brilliance {unknown}


   Skills:
 + Level 4.4 Fighting
 + Level 4.9 Axes
 + Level 0.7 Throwing
 + Level 2.4 Armour
 + Level 1.0 Dodging
 + Level 2.7 Invocations


You had 3 spell levels left.
You didn't know any spells.
Your spell library contained the following spells:

 Spells                   Type           Power      Damage    Failure   Level
 Gell's Gravitas          Tloc           0%         N/A       77%         3
 Lesser Beckoning         Tloc           0%         N/A       77%         3
 Teleport Other           Tloc           0%         N/A       77%         3


Dungeon Overview and Level Annotations

Branches:
Dungeon (2/15)

Altars:

Annotations:
D:2 Crazy Yiuf


Message History

Aim: a goblin, wielding a +0 dagger (50% to hit)
You throw a boomerang. The boomerang hits the goblin!
You kill the goblin!
Lugonu accepts your kill.
You see here a +0 dagger.
You see here a +0 dagger.
You see here a +0 hand axe.
There is a stone staircase leading down here.
Things that are here:
a +0 dagger; a +0 robe; the human corpse of Jessica
Found a mace.
Found a runed translucent door.
Crazy Yiuf shouts!
Crazy Yiuf grits, "Proton cower return to song!"
You open the door. You hit Crazy Yiuf.
Crazy Yiuf is lightly wounded.
Crazy Yiuf hits you with a +4 quarterstaff of chaos.
Crazy Yiuf burns you.
Crazy Yiuf whimpers, "Papa rumpyflump foot!"
Crazy Yiuf hits you with a +4 quarterstaff of chaos!
Crazy Yiuf freezes you! Space bends around you!
You blink.
Crazy Yiuf barely misses you. Space bends around you!
You blink.
Throw: 5 boomerangs
Press: ? - help, Q - select action, (/) - cycle Shift-Dir - straight line, f - Crazy Yiuf
Aim: Crazy Yiuf, wielding a +4 quarterstaff of chaos and wearing a +0 cloak (lightly wounded, 61% to hit)
You throw a boomerang.
The boomerang hits Crazy Yiuf but does no damage.
Crazy Yiuf is lightly wounded.
Space bends around you!
You blink.
Space bends around you!
You blink.
Throw: 5 boomerangs
Press: ? - help, Q - select action, (/) - cycle Shift-Dir - straight line, f/p - Crazy Yiuf
Aim: Crazy Yiuf, wielding a +4 quarterstaff of chaos and wearing a +0 cloak (lightly wounded, 61% to hit)
You throw a boomerang. The boomerang barely misses Crazy Yiuf.
Crazy Yiuf screams, "Pitchfork infinity broken!"
You hit Crazy Yiuf.
Crazy Yiuf is lightly wounded.
Crazy Yiuf hits you with a +4 quarterstaff of chaos!
You die...

#....####
#....# ##.###
##### #.#
#..)# #.#
#...#
#########.###
#..§#
............#
##'##
###########.#
♣♣g♣ #.# ♣@♣♣
#.# ♣♣.♣ #.#
♣.♣♣ #.#
♣♣.♣♣ #.#
♣...♣♣ #.#
♣....♣ #.#
##..##
#.###....#
#........#


You could see Crazy Yiuf.

Vanquished Creatures
  Jessica (D:2)
  2 adders (D:2)
  A worm (D:2)
  5 endoplasms
  A giant cockroach (D:2)
  9 goblins
  5 hobgoblins (D:1)
  4 jackals (D:1)
  4 kobolds
  5 ball pythons
  2 bats (D:1)
  2 frilled lizards (D:1)
  6 rats (D:1)
47 creatures vanquished.

Notes
Turn   | Place    | Note
-------+----------+-------------------------------------------
     0 | Abyss:1  | ZARRMARR the Hill Orc Abyssal Knight began the quest for
                  | the Orb.
     0 | Abyss:1  | Reached XP level 1. HP: 19/19 MP: 2/2
    52 | Abyss:1  | Noticed a small abomination
    56 | D:1      | Escaped the Abyss
   318 | D:1      | Reached XP level 2. HP: 17/27 MP: 3/3
   486 | D:1      | Reached * piety under Lugonu
   902 | D:1      | Reached XP level 3. HP: 33/33 MP: 5/5
  1140 | D:1      | Reached skill level 1 in Dodging
  1587 | D:2      | Reached ** piety under Lugonu
  1588 | D:2      | Reached XP level 4. HP: 41/41 MP: 6/6
  1701 | D:2      | Noticed Jessica
  1704 | D:2      | Killed Jessica
  1945 | D:2      | Found a runed translucent door.
  1946 | D:2      | Noticed Crazy Yiuf
  1957 | D:2      | Mangled by Crazy Yiuf

Illustrated notes

Levels and vault maps discovered:
D:1:      dpeg_arrival_tiny_k, layout_basic
D:2:      layout_basic, serial_corexii_hall, corexii_hall_statues_t,
          corexii_hall_statues_i, chequers_hall_statues_wall_a, uniq_jessica,
          uniq_crazy_yiuf_cottage

Skill      XL: |  1  2  3 |
---------------+----------+-----
Axes           | 3 4 |  4.9
Fighting       | 4 |  4.4
Dodging        | 1 |  1.0
Throwing       | |  0.7
Armour         | |  2.4
Invocations    | |  2.7

Action                   |  1- 3 |  4- 6 || total
-------------------------+-------+-------++-------
Melee: Hand axe          |    89 |     7 ||    96
Throw: Stone             |    11 |       ||    11
       Boomerang         |    30 |     9 ||    39
Invok: Depart the Abyss  |     1 |       ||     1
       Bend Space        |       |     4 ||     4
  Use: Scroll            |     1 |       ||     1
Armor: Leather armour    |    16 |       ||    16
Dodge: Dodged            |    30 |     3 ||    33
